 Dungeon Crawl Stone Soup version 0.25-a0-578-gc91f01c (webtiles) character file.

Game seed: 17415569260226508719, levelgen mode: deterministic

645 15 the Skirmisher (level 7, -2/56 HPs)
             Began as a Mummy Chaos Knight on Mar 3, 2020.
             Was a Plaything of Xom.
             Slain by an elf zombie (6 damage)
             ... on level 4 of the Dungeon.
             The game lasted 00:09:53 (2382 turns).

15 the Skirmisher (Mummy Chaos Knight)              Turns: 2382, Time: 00:09:54

Health: -2/56      AC:  7    Str: 17    XL:     7   Next: 27%
Magic:  14/14      EV: 13    Int: 16    God:    Xom [.*....]
Gold:   111        SH:  0    Dex: 11    Spells: 15/15 levels left

rFire    x . .     SeeInvis .   a - +1 short sword (chaos)
rCold    + . .     Gourm    .   (no shield)
rNeg     + + +     Faith    .   b - +2 leather armour
rPois    ∞         Spirit   .   c - +2 hat
rElec    .         Reflect  .   (no cloak)
rCorr    .         Harm     .   (no gloves)
MR       .....                  (no boots)
Stlth    ++........             (no amulet)
HPRegen  0.18/turn              h - +4 ring of intelligence
MPRegen  0.14/turn              (no ring)

@: no status effects
A: no food or potions, fire vulnerability, cold resistance 1, negative energy
resistance 3, torment resistance, unbreathing
a: Renounce Religion


You were on level 4 of the Dungeon.
You worshipped Xom.
You were a plaything of Xom.
You were not hungry.

You visited 1 branch of the dungeon, and saw 4 of its levels.

You collected 111 gold pieces.

Inventory:

Hand Weapons
 a - a +1 short sword of chaos (weapon)
Armour
 b - a +2 leather armour (worn)
 c - a +2 hat (worn)
 d - a +0 leather armour
 e - a +0 ring mail
Jewellery
 h - a +4 ring of intelligence (left hand)
Scrolls
 g - 3 scrolls of teleportation
 i - a scroll of identify
 j - 2 scrolls of blinking
 k - a scroll of remove curse
Potions
 f - 2 potions of magic


   Skills:
 + Level 5.0 Fighting
 + Level 4.5 Short Blades
   Level 3.1 Axes
 + Level 2.0 Throwing
 + Level 3.9 Armour
 + Level 3.9 Dodging
 + Level 3.3 Stealth
 + Level 1.9 Unarmed Combat
 + Level 4.7 Spellcasting


You had 15 spell levels left.
You didn't know any spells.
Your spell library was empty.

Dungeon Overview and Level Annotations

Branches:
Dungeon (4/15)
 Temple: D:4-7

Altars:
Ashenzari
Cheibriados
Dithmenos
Makhleb
Vehumet

Portals:
Ossuary: D:4


Innate Abilities, Weirdness & Mutations

You do not eat or drink.
Your flesh is vulnerable to fire.
You are immune to poison.
Your flesh is cold resistant. (rC+)
You are immune to negative energy. (rN+++)
You are immune to unholy pain and torment.
You can survive without breathing.


Message History

You barely miss something.
There is an open door here.
You open the door.
An orc skeleton comes into view.
Something hits you.
* * * LOW HITPOINT WARNING * * *
You hit the orc skeleton.
Lightning courses through the orc skeleton!
You destroy the orc skeleton!
Something barely misses you.
There is an open door here.
You hit something but do no damage.
Your leather armour prevents you from hitting something.
Something hits you but does no damage.
You hit something but do no damage. Lightning courses through something!
Something completely misses you.
You hit something.
Nothing appears to happen.
Something barely misses you.
You hit something but do no damage.
Nothing appears to happen.
You completely miss something. Something hits you.
You die...

### ... #########
########## #.#.#∩@.#
#......... #'#'#{###
#.######## #.'...+
#.# # ###...# #.#
#.'...+ #.# #####'#+#
#.# #)'...#
######.#### #.#####
##.........#
#.########..........#


There were no monsters in sight!

Vanquished Creatures
  Menkaure (D:4)
  A porcupine (D:3)
  An elf zombie (D:4)
  2 vampire bats (D:4)
  An orc wizard (D:3)
  7 adders
  An ufetubus (D:2)
  An ooze (D:3)
  A worm (D:2)
  4 dart slugs
  A leopard gecko (D:3)
  5 orcs
  3 giant cockroaches
  7 goblins
  8 hobgoblins
  3 jackals (D:2)
  2 quokkas (D:2)
  4 ball pythons
  15 bats
  7 frilled lizards
  9 kobolds
  2 orc skeletons (D:4)
  8 rats
94 creatures vanquished.

Vanquished Creatures (collateral kills)
  2 hounds (D:4)
  An orc wizard (D:4)
  3 orcs (D:4)
  A bat (D:4)
7 creatures vanquished.

Grand Total: 101 creatures vanquished

Notes
Turn   | Place    | Note
-------+----------+-------------------------------------------
     0 | D:1      | 15 the Mummy Chaos Knight began the quest for the Orb.
     0 | D:1      | Reached XP level 1. HP: 18/18 MP: 1/1
   133 | D:1      | XOM: harmless Ice miscast
   337 | D:1      | Reached XP level 2. HP: 21/24 MP: 2/2
   538 | D:1      | XOM: butterfly on damage
   565 | D:1      | XOM: harmless Chrm miscast
   731 | D:1      | Reached XP level 3. HP: 18/29 MP: 3/3
   765 | D:2      | Reached skill level 1 in Dodging
   765 | D:2      | XOM: potion effect (experience)
   765 | D:2      | Reached skill level 4 in Fighting
   765 | D:2      | Reached skill level 1 in Unarmed Combat
   765 | D:2      | Reached XP level 4. HP: 29/38 MP: 3/10
   791 | D:2      | XOM: divination: magic mapping
   965 | D:2      | Found a snail-covered altar of Cheibriados.
   996 | D:2      | Found a shadowy altar of Dithmenos.
  1109 | D:2      | XOM: divination: detect items
  1279 | D:2      | XOM: stat loss: -1 Int (15/16)
  1413 | D:2      | Reached XP level 5. HP: 43/43 MP: 12/12
  1580 | D:3      | XOM: chaos cloud
  1586 | D:3      | Noticed a porcupine
  1586 | D:3      | an orc priest changed into a porcupine
  1597 | D:3      | Killed a porcupine
  1597 | D:3      | Reached XP level 6. HP: 26/50 MP: 13/13
  1682 | D:3      | Found a radiant altar of Vehumet.
  1888 | D:3      | Found a shattered altar of Ashenzari.
  2130 | D:4      | Found a burning altar of Makhleb.
  2151 | D:4      | Noticed Menkaure
  2160 | D:4      | XOM: butterfly on damage
  2161 | D:4      | XOM: enchant monster (bad)
  2162 | D:4      | Killed Menkaure
  2265 | D:4      | Reached XP level 7. HP: 35/55 MP: 14/14
  2340 | D:4      | Reached skill level 5 in Fighting
  2360 | D:4      | Found a sand-covered staircase.
  2382 | D:4      | Slain by an elf zombie

Levels and vault maps discovered:
D:1:      lightli_arrival_farm, layout_basic
D:2:      layout_basic, overflow_temple_1_default, kennysheep_slug_shrine,
          solitary_fountain
D:3:      layout_loops_ring, lemuel_doored_altar, cheibrodos_ashenzari_chains,
          corexii_corridor_pit
D:4:      minmay_goblin_kobold_castle, layout_rooms,
          lemuel_coloured_pillars_altar, bloody_makhleb, temple_fountains,
          nicolae_ossuary_entry_catacombs, roderic_batcave, uniq_menkaure,
          uniq_edmund

Skill      XL: |  1  2  3  4  5  6  7 |
---------------+----------------------+-----
Dodging        | 3 |  3.9
Fighting       | 4 5 |  5.0
Short Blades   | 3 4 |  4.5
Axes           | 3 |  3.1
Throwing       | 2 |  2.0
Armour         | 3 |  3.9
Stealth        | 2 3 |  3.3
Unarmed Combat | 1 |  1.9
Spellcasting   | 4 |  4.7

Action                   |  1- 3 |  4- 6 |  7- 9 || total
-------------------------+-------+-------+-------++-------
Melee: Short sword       |    76 |   225 |    65 ||   366
       Punch             |       |     2 |       ||     2
  Use: Scroll            |     4 |     4 |       ||     8
 Stab: Confused          |       |     2 |       ||     2
       Petrifying        |       |     3 |       ||     3
       Invisible         |       |     3 |       ||     3
       Sleeping          |       |     4 |       ||     4
Armor: Leather armour    |    32 |    99 |    27 ||   158
Dodge: Dodged            |    47 |   170 |    35 ||   252

Table legend:
 A = Non-vault XP
 B = Vault XP
 C = Vault XP percentage of total XP
 D = Non-vault monster count
 E = Vault monster count
 F = Vault count percentage of total count
                 A         B        C        D         E       F
            +---------+---------+-------+---------+---------+-------
      Total |     491 |     374 |  43.2 |      86 |      15 |  14.9
            +---------+---------+-------+---------+---------+-------
        D:1 |      41 |       0 |   0.0 |      28 |       0 |   0.0
        D:2 |     100 |       4 |   3.8 |      24 |       1 |   4.0
        D:3 |     243 |       0 |   0.0 |      23 |       0 |   0.0
        D:4 |     107 |     370 |  77.6 |      11 |      14 |  56.0
            +---------+---------+-------+---------+---------+-------
